 Dungeon Crawl Stone Soup version 0.29.0-4-gdea44cf6ec (webtiles) character file.

Game seed: 17646411695939977263

97 qw the Chopper (level 4, 0/26 HPs)
             Began as a Tengu Warper on Aug 28, 2022.
             Slain by a gnoll
             ... wielding a +0 halberd
              (8 damage)
             ... on level 3 of the Dungeon.
             The game lasted 00:00:14 (2397 turns).

qw the Chopper (Tengu Warper)                       Turns: 2397, Time: 00:00:14

Health: 0/26       AC:  4    Str: 10    XL:     4   Next: 68%
Magic:  8/8        EV: 12    Int: 12    God:
Gold:   93         SH:  0    Dex: 18    Spells: 7/7 levels left

rFire   . . .      SeeInvis .   Y - +0 hand axe
rCold   . . .      Faith    .   (no shield)
rNeg    . . .      Spirit   .   b - +0 leather armour
rPois   .          Reflect  .   (helmet restricted)
rElec   .          Harm     .   (no cloak)
rCorr   .          Rampage  .   j - +0 pair of gloves
Will    .....                   (boots unavailable)
Stlth   +.........              (no amulet)
HPRegen 0.08/turn               (no ring)
MPRegen 0.11/turn               (no ring)

@: no status effects
A: beak, talons 3, agile 1, weak 1
a: no special abilities


You were on level 3 of the Dungeon.
You visited 1 branch of the dungeon, and saw 3 of its levels.

You collected 190 gold pieces.
You spent 97 gold pieces at shops.


Innate Abilities, Weirdness & Mutations

You have a beak for a mouth.
You have claws for feet.
You are agile. (Dex +4, Str/Int -1)
You are weak. (Str -2)


   Skills:
 - Level 2.0 Fighting
 + Level 5.2 Axes
 - Level 1.0 Throwing
 - Level 1.1 Armour
 - Level 2.1 Dodging
 - Level 2.0 Spellcasting
 - Level 2.4 Translocations


You had 7 spell levels left.
You didn't know any spells.
Your spell library contained the following spells:

 Spells                   Type           Power      Damage    Failure   Level
 Blink                    Tloc           12%        N/A       22%         2
 Gell's Gravitas          Tloc           6%         N/A       38%         3
 Lesser Beckoning         Tloc           6%         N/A       38%         3
 Teleport Other           Tloc           6%         N/A       38%         3
 Manifold Assault         Tloc           6%         N/A       98%         5

Inventory:

Hand Weapons
 n - a +0 flail
 Y - a +0 hand axe (weapon)
Armour
 b - a +0 leather armour (worn)
 e - a +0 ring mail
 j - a +0 pair of gloves (worn)
 s - a +1 leather armour of poison resistance
 t - a +0 chain mail
Jewellery
 r - a ring of willpower
Scrolls
 c - 2 scrolls of identify
 d - a scroll of amnesia {unknown}
 k - a scroll of enchant weapon {unknown}
 p - a scroll of noise {unknown}
Potions
 a - a potion of resistance {unknown}
 f - a potion of degeneration {unknown}
 g - 2 potions of might
 h - a potion of magic {unknown}
 i - 3 potions of curing {unknown}
 l - a potion of cancellation {unknown}
 m - a potion of mutation
 o - a potion of lignification {unknown}
 q - a potion of brilliance {unknown}

Dungeon Overview and Level Annotations

Branches:
Dungeon (3/15)

Altars:
Vehumet

Shops:
D:1 (**((   D:2 !


Message History

You see here a scroll of fear.
You enter the shallow water.
Moving in this stuff is going to be slow.
A giant cockroach comes into view.
Enter note: You hit the giant cockroach but do no damage.
The giant cockroach misses you.
You hit the giant cockroach but do no damage.
You claw the giant cockroach.
You kill the giant cockroach!
You see here a giant cockroach corpse.
Things that are here:
a +1 dagger of venom; a goblin skeleton You enter the shallow water.
Moving in this stuff is going to be slow.
Found an escape hatch in the ceiling.
Found a stone staircase leading down.
Found an escape hatch in the floor.
Found a stone staircase leading down.
You open the door.
There is an open door here.
You enter the shallow water.
Moving in this stuff is going to be slow.
You open the door.
There is an open door here.
c - 2 scrolls of identify (gained 1)
Found a gold wand.
A gnoll comes into view. It is wielding a +0 halberd.
The gnoll shouts!
You hear a shout! 2 gnolls come into view.
A gnoll comes into view. It is wielding a +0 flail.
The gnoll shouts!
The gnoll hits you with a +0 halberd!
You hit the gnoll.
The gnoll is moderately wounded.
The gnoll hits you with a +0 halberd!
You closely miss the gnoll.
The gnoll is moderately wounded.
You hit the gnoll. x2
The gnoll hits you with a +0 halberd!
You die...

......#...# ### ###~#
......#...# #########~#
......#...# ##......####
.....##...###........##
....#.....##..........#.
#####.#........./.......
#.#..~.~..........#
#....~............#
#...........@.....#
###.....#..ggg..$##
#######........#
#....g.....#
#..........#
#..........#
#..........#
#..........#


You could see 4 gnolls.

Vanquished Creatures
  A hound (D:2)
  An adder (D:2)
  2 worms (D:2)
  2 dart slugs
  An orc (D:3)
  4 ball pythons
  2 bats
  3 endoplasms
  3 giant cockroaches
  3 goblins
  4 hobgoblins
  6 jackals
  4 kobolds (D:1)
  3 quokkas (D:1)
  4 frilled lizards
  4 rats
47 creatures vanquished.

Notes
Turn   | Place    | Note
-------+----------+-------------------------------------------
     0 | D:1      | qw the Tengu Warper began the quest for the Orb.
     0 | D:1      | Reached XP level 1. HP: 12/12 MP: 4/4
     0 | D:1      | 0 ||| qw: Version: 0.1-a-89-g26bdef1
     0 | D:1      | 0 ||| qw: Game counter: 2627
     0 | D:1      | 0 ||| qw: Always use a shield: true
     0 | D:1      | 0 ||| qw: God list: Okawaru
     0 | D:1      | 0 ||| qw: Allow faded altars: false
     0 | D:1      | 0 ||| qw: Do Orc after D:15 true
     0 | D:1      | 0 ||| qw: Do second Lair branch before Depths: true
     0 | D:1      | 0 ||| qw: Lair rune preference: random
     0 | D:1      | 0 ||| qw: Plans: Normal
     0 | D:1      | 0 ||| PLANNING D:1-11
    16 | D:1      | Found Zucoq's Assorted Antiques.
    99 | D:1      | 99 ||| SHOPLISTING 2 scrolls labelled SONUGY YG XUI (60
                  | gold, have 12).
    99 | D:1      | 99 ||| SHOPLISTING brass ring (150 gold, have 12).
    99 | D:1      | 99 ||| SHOPLISTING encrusted leather armour (210 gold, have
                  | 12).
    99 | D:1      | 99 ||| SHOPLISTING lumpy brown potion (27 gold, have 12).
    99 | D:1      | 99 ||| SHOPLISTING ring mail (120 gold, have 12).
    99 | D:1      | 99 ||| SHOPLISTING scroll labelled SULAIS ZIFF (30 gold,
                  | have 12).
    99 | D:1      | 99 ||| SHOPLISTING scroll labelled ZYOGOC EHYXTU (30 gold,
                  | have 12).
    99 | D:1      | 99 ||| SHOPLISTING smoky green potion (27 gold, have 12).
   106 | D:1      | Found Onlynloe's Assorted Antiques.
   111 | D:1      | 111 ||| SHOPLISTING 3 scrolls labelled SULAIS ZIFF (75
                  | gold, have 12).
   111 | D:1      | 111 ||| SHOPLISTING dyed leather armour (125 gold, have
                  | 12).
   111 | D:1      | 111 ||| SHOPLISTING embroidered cloak (187 gold, have 12).
   111 | D:1      | 111 ||| SHOPLISTING glowing ring mail (175 gold, have 12).
   111 | D:1      | 111 ||| SHOPLISTING puce potion (22 gold, have 12).
   111 | D:1      | 111 ||| SHOPLISTING ring mail (100 gold, have 12).
   111 | D:1      | 111 ||| SHOPLISTING scroll labelled SULAIS ZIFF (25 gold,
                  | have 12).
   132 | D:1      | Reached XP level 2. HP: 14/17 MP: 6/6
   211 | D:1      | 211 ||| Stepping ~*~*~tactically~*~*~ (stealth).
   213 | D:1      | Reached skill level 3 in Axes
   276 | D:1      | Found a faded altar of an unknown god.
   342 | D:1      | Found Wiunatal's Antique Weapon Boutique.
   351 | D:1      | 351 ||| SHOPLISTING mace (63 gold, have 30).
   351 | D:1      | 351 ||| SHOPLISTING runed mace (126 gold, have 30).
   476 | D:1      | Found Itwaupun's Antique Weapon Boutique.
   484 | D:1      | 484 ||| SHOPLISTING mace (57 gold, have 43).
   484 | D:1      | 484 ||| SHOPLISTING runed flail (123 gold, have 43).
   506 | D:1      | Found Xish's Weapon Emporium.
   518 | D:1      | 518 ||| BUYING +0 flail (45 gold).
   518 | D:1      | Bought a +0 flail for 45 gold pieces
   530 | D:1      | 530 ||| Stepping ~*~*~tactically~*~*~ (stealth).
   532 | D:1      | 532 ||| Stepping ~*~*~tactically~*~*~ (stealth).
   536 | D:1      | 536 ||| Stepping ~*~*~tactically~*~*~ (stealth).
   546 | D:1      | 546 ||| Stepping ~*~*~tactically~*~*~ (stealth).
   556 | D:1      | Reached XP level 3. HP: 17/21 MP: 7/7
   902 | D:1      | 902 ||| UPGRADING to +0 pair of gloves.
   907 | D:1      | 907 ||| READING scroll labelled VEXYPP IRYHAIPP.
   908 | D:1      | 908 ||| READING scroll labelled SULAIS ZIFF.
   909 | D:1      | 909 ||| READING scroll labelled COAWKO CUIROQA.
   912 | D:1      | 912 ||| DRINKING 2 coppery potions.
  1013 | D:1      | 1013 ||| DRINKING 2 ruby potions.
  1014 | D:1      | 1014 ||| DRINKING 2 silvery potions.
  1014 | D:1      | Gained mutation: You are weak. (Str -2) [potion of
                  | mutation]
  1014 | D:1      | Gained mutation: You are agile. (Dex +4, Str/Int -1)
                  | [potion of mutation]
  1015 | D:1      | 1015 ||| DROPPING scroll of blinking.
  1016 | D:1      | 1016 ||| DROPPING potion of ambrosia.
  1017 | D:1      | 1017 ||| DROPPING potion of flight.
  1030 | D:2      | 1030 ||| STAIRDANCE
  1048 | D:2      | 1048 ||| STAIRDANCE
  1063 | D:2      | Reached skill level 4 in Axes
  1148 | D:2      | Reached XP level 4. HP: 16/26 MP: 8/8
  1148 | D:2      | 1148 ||| FLEEEEING.
  1149 | D:2      | 1149 ||| FLEEEEING.
  1150 | D:2      | 1150 ||| FLEEEEING.
  1151 | D:2      | 1151 ||| FLEEEEING.
  1152 | D:2      | 1152 ||| FLEEEEING.
  1153 | D:2      | 1153 ||| FLEEEEING.
  1154 | D:2      | 1154 ||| FLEEEEING.
  1155 | D:2      | 1155 ||| FLEEEEING.
  1156 | D:2      | 1156 ||| FLEEEEING.
  1157 | D:2      | 1157 ||| FLEEEEING.
  1158 | D:2      | 1158 ||| FLEEEEING.
  1159 | D:2      | 1159 ||| FLEEEEING.
  1160 | D:2      | 1160 ||| FLEEEEING.
  1161 | D:2      | 1161 ||| FLEEEEING.
  1162 | D:2      | 1162 ||| FLEEEEING.
  1163 | D:2      | 1163 ||| FLEEEEING.
  1164 | D:2      | 1164 ||| FLEEEEING.
  1165 | D:2      | 1165 ||| FLEEEEING.
  1166 | D:2      | 1166 ||| STAIRDANCE
  1262 | D:1      | 1262 ||| READING scroll labelled DOUXKIT JOI.
  1396 | D:2      | Found Jenaw's Distillery.
  1403 | D:2      | Found a radiant altar of Vehumet.
  1404 | D:2      | 1404 ||| SHOPLISTING 2 potions of haste (260 gold, have
                  | 54).
  1404 | D:2      | 1404 ||| SHOPLISTING potion of haste (130 gold, have 54).
  1404 | D:2      | 1404 ||| SHOPLISTING potion of heal wounds (65 gold, have
                  | 54).
  1404 | D:2      | 1404 ||| BUYING potion of might (52 gold).
  1404 | D:2      | Bought a potion of might for 52 gold pieces
  1404 | D:2      | 1404 ||| SHOPLISTING potion of mutation (104 gold, have 2).
  1404 | D:2      | 1404 ||| SHOPLISTING potion of resistance (130 gold, have
                  | 2).
  1454 | D:2      | Reached skill level 5 in Axes
  1826 | D:2      | 1826 ||| DROPPING ring of flight.
  1827 | D:2      | 1827 ||| READING scroll labelled BYIXTE GINEH.
  1974 | D:2      | 1974 ||| READING 2 scrolls labelled KUSIXKEIMIM.
  1975 | D:2      | 1975 ||| DRINKING 2 lumpy cyan potions.
  1976 | D:2      | 1976 ||| DROPPING scroll of fog.
  1977 | D:2      | 1977 ||| DROPPING potion of attraction.
  2007 | D:3      | 2007 ||| Stepping ~*~*~tactically~*~*~ (hiding).
  2210 | D:3      | 2210 ||| Stepping ~*~*~tactically~*~*~ (stealth).
  2211 | D:3      | 2211 ||| Stepping ~*~*~tactically~*~*~ (stealth).
  2397 | D:3      | Slain by a gnoll

Levels and vault maps discovered:
D:1:      dpeg_arrival_windows_large_door, layout_basic,
          hellmonk_ecumenical_altar_lost_god, serial_shops, nicolae_shop_stone,
          shop, nicolae_diamond_shop, nicolae_shop_bloodbath_and_beyond,
          nicolae_shop_crystal, st_stairs_1
D:2:      cheibrodos_helix_gallery, layout_loops_ring, basic_altar,
          serial_shops, shop
D:3:      layout_rooms, serial_rivers, chequers_serial_rivers_small_3,
          chequers_serial_rivers_large_a, chequers_serial_rivers_large_b,
          chequers_serial_rivers_micro_c, chequers_serial_rivers_room_b,
          kennysheep_nub, kennysheep_potato, uniq_grinder

Skill      XL: |  1  2  3  4 |
---------------+-------------+-----
Axes           | 3 4 5 |  5.2
Fighting       | |  2.0
Throwing       | |  1.0
Armour         | |  1.1
Dodging        | |  2.1
Spellcasting   | |  2.0
Translocations | |  2.4

Action                   |  1- 3 |  4- 6 || total
-------------------------+-------+-------++-------
Melee: Hand axe          |    44 |    33 ||    77
       Peck              |     8 |     6 ||    14
       Kick              |    12 |     8 ||    20
Throw: Boomerang         |    41 |       ||    41
  Use: Scroll            |     3 |     3 ||     6
       Potion            |     3 |     1 ||     4
Armor: Leather armour    |    14 |     5 ||    19
Dodge: Dodged            |    37 |    17 ||    54

Table legend:
 A = Non-vault XP
 B = Vault XP
 C = Vault XP percentage of total XP
 D = Non-vault monster count
 E = Vault monster count
 F = Vault count percentage of total count
                 A         B        C        D         E       F
            +---------+---------+-------+---------+---------+-------
      Total |     133 |       6 |   4.3 |      43 |       4 |   8.5
            +---------+---------+-------+---------+---------+-------
        D:1 |      38 |       4 |   9.5 |      22 |       2 |   8.3
        D:2 |      81 |       2 |   2.4 |      14 |       2 |  12.5
        D:3 |      14 |       0 |   0.0 |       7 |       0 |   0.0
            +---------+---------+-------+---------+---------+-------
